 Dungeon Crawl Stone Soup version 0.19-a0-1195-ge0bab27 (webtiles) character file.

24131 Gelly3 the Fencer (level 13, -9/98 HPs)
             Began as a Merfolk Gladiator on Aug 19, 2016.
             Was the Champion of Cheibriados.
             Mangled by an eight-headed hydra (17 damage)
             ... on level 13 of the Dungeon.
             The game lasted 00:36:24 (11143 turns).

Gelly3 the Fencer (Merfolk Gladiator)              Turns: 11143, Time: 00:36:25

Health: -9/98      AC:  7    Str: 34    XL:     13   Next: 11%
Magic:  16/16      EV: 32    Int: 23    God:    Cheibriados [******]
Gold:   744        SH:  0    Dex: 36    Spells: 0 memorised, 12 levels left

rFire  . . .     SeeInvis +     c - +1 great sword
rCold  . . .     Gourm    .     m - +2 robe {MR+}
rNeg   . . .     Faith    .     (shield currently unavailable)
rPois  +         Spirit   .     (helmet restricted)
rElec  .         Dismiss  .     G - +1 cloak
rCorr  .         Reflect  .     w - +0 pair of gloves
MR     +....     Harm     .     (no boots)
Stlth  ++++...... Clarity  +    i - amulet of regeneration {+regen, !d}
                                E - ring of see invisible {sInv, !d}
                                F - +2 ring of strength

@: very slow
A: change form in water, swift swim, horns 1, agile 1, clarity, poison
resistance, screaming 1, slow regeneration 1, strong 1, wild magic 1
a: Bend Time, Temporal Distortion, Slouch, Step From Time, Renounce Religion


You were on level 13 of the Dungeon.
You worshipped Cheibriados.
Cheibriados was exalted by your worship.
You were not hungry.

You visited 2 branches of the dungeon, and saw 14 of its levels.

You collected 744 gold pieces.

Inventory:

Hand Weapons
 a - a +1 long sword
 c - a +1 great sword (weapon)
   (You took it off a wight on level 10 of the Dungeon)
 v - a +0 blowgun
   (You took it off a kobold on level 7 of the Dungeon)
Missiles
 l - 2 throwing nets {=f, !d}
 H - 6 tomahawks (quivered)
Armour
 m - a +2 robe of magic resistance (worn)
   (You took it off Josephine on level 10 of the Dungeon)
 w - a +0 pair of gloves (worn)
   (You found it on level 7 of the Dungeon)
 G - a +1 cloak (worn)
   (You took it off Crazy Yiuf on level 6 of the Dungeon)
Magical Staves
 z - an uncursed staff of poison {rPois}
   (You took it off an orc priest on level 12 of the Dungeon)
Jewellery
 i - an amulet of regeneration (around neck) {+regen, !d}
   (You found it on level 1 of the Dungeon)
 n - a +4 ring of protection {unknown}
   (You found it on level 10 of the Dungeon)
 E - a ring of see invisible (right hand) {sInv, !d}
   (You found it on level 6 of the Dungeon)
 F - a +2 ring of strength (left hand)
   (You found it on level 6 of the Dungeon)
Wands
 o - a wand of slowing (33/48)
   (You found it on level 10 of the Dungeon)
 y - a wand of lightning (8/15)
   (You found it on level 5 of the Dungeon)
 O - a wand of flame (15/48)
   (You found it on level 12 of the Dungeon)
Scrolls
 e - 6 scrolls of identify
 g - 3 scrolls of teleportation
 p - a scroll of fear
 q - a scroll of recharging
 r - 5 scrolls of enchant weapon
 t - 3 scrolls of blinking {!r}
 u - 4 scrolls of remove curse
 J - 2 scrolls of amnesia
 M - a scroll of torment {unknown}
 Q - a scroll of enchant armour
Potions
 b - a potion of mutation {unknown}
 d - a potion of agility
 j - a potion of flight {unknown}
 k - 2 potions of berserk rage {unknown}
 s - 3 potions of brilliance
 A - a potion of ambrosia {unknown}
 I - 3 potions of curing
 L - a potion of magic {unknown}
Books
 B - a book of Alchemy
   (You found it on level 6 of the Dungeon)
 C - a Young Poisoner's Handbook
   (You found it on level 5 of the Dungeon)
Comestibles
 f - 6 bread rations
 h - 8 meat rations
 x - 4 beef jerkies
 D - 7 slices of pizza
 K - 17 fruits
 N - a royal jelly
 P - 3 chunks of flesh


   Skills:
 - Level 8.0 Fighting
 - Level 16.2 Long Blades
 - Level 2.0 Throwing
 - Level 15.0 Dodging
 + Level 6.0 Stealth
 - Level 5.0 Invocations


You had 12 spell levels left.
You didn't know any spells.

Dungeon Overview and Level Annotations

Branches:
Dungeon (13/15)            Temple (1/1) D:6            Lair (0/6) D:9
    Orc (0/2) D:11
 Vaults: D:13-14

Altars:
Ashenzari
Cheibriados
Dithmenos
Elyvilon
Fedhas
Gozag
Hepliaklqana
Kikubaaqudgha
Makhleb
Nemelex Xobeh
Okawaru
Qazlal
Ru
Sif Muna
Trog
Uskayaw
Vehumet
Xom
Yredelemnul
Zin
The Shining One

Shops:
D:5 *   D:6 }   D:11 %

Portals:
Trove: D:10 (give +6 fire dragon armour)


Innate Abilities, Weirdness & Mutations

You revert to your normal form in water.
You are very nimble and swift while swimming.
You have a pair of small horns on your head.
You are agile. (Dex +2)
You possess an exceptional clarity of mind.
Your system is resistant to poisons. (rPois)
You occasionally shout uncontrollably at your foes.
You regenerate slowly when monsters are visible.
Your muscles are strong. (Str +2)
Your spells are a little harder to cast, but a little more powerful.


Message History

Ye slash tha yak!
Tha yak be lightly wounded.
Tha yak completely misses ye.
Ye slash tha yak!
Tha yak be severely wounded.
Tha yak completely misses ye.
Ye riposte.
Ye closely miss tha yak.
Ye headbutt tha yak!
Tha yak be almost dead.
Tha yak completely misses ye.
Ye riposte.
Ye barely miss tha yak.
Tha yak completely misses ye.
Ye slice tha yak!!
Ye kill tha yak!
Cheibriados thoroughly appreciates tha change o' pace.
Tha yak closely misses ye.
Ye hit tha yak.
Ye headbutt tha yak, but do nay damage.
Tha yak be lightly wounded.
Tha yak completely misses ye.
Ye hit tha yak.
Yer headbutt misses tha yak.
Tha yak be lightly wounded.
Tha yak gores ye.
Tha yak completely misses ye.
Ye riposte.
Ye hit tha yak.
Ye headbutt tha yak, but do nay damage.
Tha yak be lightly wounded.
Ye slice tha yak!!
Ye headbutt tha yak.
Tha yak be almost dead.
Tha yak completely misses ye.
Ye riposte.
Ye slice tha yak!!
Ye kill tha yak!
Cheibriados thoroughly appreciates tha change o' pace.
Tha yak barely misses ye.
Ye riposte.
Ye slash tha yak!
Yer headbutt misses tha yak.
Tha yak be heavily wounded.
Ye hit tha yak but do nay damage.
Ye headbutt tha yak, but do nay damage.
Tha yak be heavily wounded.
Tha eight-headed hydra completely misses ye. x2
Tha eight-headed hydra bites ye.
Tha eight-headed hydra bites ye!
Tha eight-headed hydra closely misses ye.
Tha eight-headed hydra misses ye. x3; Tha yak completely misses ye.
Ye hit tha yak.
Ye headbutt tha yak, but do nay damage.
Tha yak be heavily wounded.
Ye slash tha yak!
Tha yak be severely wounded.
Tha eight-headed hydra closely misses ye.
Ye riposte.
Ye slash tha eight-headed hydra!
Ye headbutt tha eight-headed hydra.
Tha eight-headed hydra be lightly wounded.
Tha eight-headed hydra bites ye.
Tha eight-headed hydra bites ye!
Tha eight-headed hydra completely misses ye.
Tha eight-headed hydra bites ye.
Tha eight-headed hydra barely misses ye.
Tha eight-headed hydra bites ye but does nay damage.
Tha eight-headed hydra completely misses ye.
Tha yak completely misses ye.
Ye closely miss tha yak.
Ye headbutt tha yak.
Tha yak be almost dead.
Tha eight-headed hydra closely misses ye.
Ye riposte.
Ye slash tha eight-headed hydra!
Ye headbutt tha eight-headed hydra.
Tha eight-headed hydra be moderately wounded.
Tha eight-headed hydra barely misses ye.
Tha eight-headed hydra completely misses ye. x2
Tha eight-headed hydra bites ye.
Tha eight-headed hydra completely misses ye.
Tha eight-headed hydra barely misses ye.
Tha eight-headed hydra completely misses ye.
Tha yak completely misses ye.
Ye riposte.
Ye slice tha yak!!
Ye kill tha yak!
Cheibriados appreciates tha change o' pace.
Yer Stealth skill increases ta level 6!
Tha eight-headed hydra misses ye.
Ye riposte.
Ye carve tha eight-headed hydra like a ham!!!
Tha eight-headed hydra be almost dead.
Tha eight-headed hydra closely misses ye.
Tha eight-headed hydra bites ye but does nay damage.
Tha eight-headed hydra misses ye.
Tha eight-headed hydra closely misses ye.
Tha eight-headed hydra misses ye.
Tha eight-headed hydra bites ye.
Tha eight-headed hydra barely misses ye.
Tha eight-headed hydra completely misses ye.
Ye riposte.
Ye slash tha eight-headed hydra!
Tha eight-headed hydra be almost dead.
Tha eight-headed hydra bites ye but does nay damage. x2
Tha eight-headed hydra barely misses ye.
Tha eight-headed hydra completely misses ye.
Tha eight-headed hydra bites ye!
* * * LOW HITPOINT WARNIN'
* * * Tha eight-headed hydra bites ye.
* * * LOW HITPOINT WARNIN'
* * * Tha eight-headed hydra bites ye but does nay damage.
Unknown command.
Tha eight-headed hydra completely misses ye.
Ye riposte.
Ye hit tha eight-headed hydra but do nay damage.
Ye headbutt tha eight-headed hydra.
Tha eight-headed hydra be almost dead.
Tha eight-headed hydra bites ye.
* * * LOW HITPOINT WARNIN'
* * * Tha eight-headed hydra closely misses ye.
Tha eight-headed hydra misses ye.
Tha eight-headed hydra bites ye!
* * * LOW HITPOINT WARNIN'
* * * Tha eight-headed hydra bites ye!
Ye die...

##..#..##...# #. # #..##...# #.
#. #..##...# #. #..#..##...# #.
###..#..##††.# #.
.....#..##...########+########.
...............................
..............D....##########..
..............@....# #..
........#####################..
...............................
.##############################


You could see an eight-headed hydra.

Vanquished Creatures
  Josephine (D:10)
  A hydra (D:11)
  The ghost of DerBasler the Eclecticist, a journeyman DEFE of Vehumet (D:12)
  A catoblepas (D:13)
  A death knight (D:12)
  Urug (D:10)
  A skeletal warrior (D:11)
  2 hill giants
  A phantasmal warrior (D:12)
  A deep elf mage (D:13)
  Pikel (D:8)
  A manticore (D:11)
  A cyclops (D:11)
  Joseph (D:8)
  Maurice (D:8)
  A tengu conjurer (D:13)
  5 trolls
  6 slime creatures
  A wyvern (D:12)
  17 yaks
  A shadow (D:13)
  Sigmund (D:5)
  Eustachio (D:5)
  3 wraiths (D:10)
  A human (D:7)
  6 hippogriffs
  5 vampire mosquitoes (D:12)
  2 hungry ghosts
  Edmund (D:5)
  A water moccasin (D:12)
  8 orc warriors
  3 sky beasts
  A slave (D:8)
  A necrophage (D:10)
  A black bear (D:9)
  3 phantoms
  2 eyes of draining (D:3)
  9 centaurs
  3 ogres
  2 big kobolds
  5 giant frogs
  2 wyvern skeletons
  A scorpion (D:12)
  14 killer bees
  17 wights
  2 howler monkeys (D:4)
  11 jellies
  A crimson imp (D:7)
  3 centaur zombies
  A giant frog zombie (D:9)
  A quasit (D:8)
  Crazy Yiuf (D:6)
  4 giant frog skeletons
  12 orc priests
  7 centaur skeletons
  8 hounds
  Terence (D:2)
  5 iguanas
  13 orc wizards
  6 worker ants
  A killer bee zombie (D:6)
  4 sheep (D:7)
  A howler monkey zombie (D:8)
  8 gnolls
  13 adders
  A shadow imp (D:6)
  17 oozes
  An adder skeleton (D:4)
  2 worms (D:3)
  3 dart slugs (D:1)
  4 giant geckos
  41 orcs
  A ball python (D:1)
  5 giant cockroaches
  10 goblins
  10 hobgoblins
  7 jackals
  6 quokkas
  4 bats
  10 giant newts
  32 kobolds
  6 rats
  A fungus (D:12)
404 creatures vanquished.

Vanquished Creatures (others)
  A slave (D:8)
  2 fungi (D:12)
  A plant (D:7)
4 creatures vanquished.

Grand Total: 408 creatures vanquished

Notes
Turn   | Place    | Note
-------+----------+-------------------------------------------
     0 | D:1      | Gelly3 the Merfolk Gladiator began the quest for the Orb.
     0 | D:1      | Reached XP level 1. HP: 16/16 MP: 1/1
    18 | D:1      | Reached XP level 2. HP: 22/22 MP: 2/2
    20 | D:1      | Reached skill level 4 in Long Blades
   201 | D:1      | Reached XP level 3. HP: 25/27 MP: 3/3
   621 | D:1      | Reached skill level 5 in Long Blades
   755 | D:2      | Reached XP level 4. HP: 33/33 MP: 4/4
  1126 | D:2      | Noticed Terence
  1136 | D:2      | Killed Terence
  1136 | D:2      | Reached skill level 6 in Long Blades
  1136 | D:2      | Reached XP level 5. HP: 25/38 MP: 5/5
  1802 | D:3      | Reached skill level 7 in Long Blades
  2035 | D:3      | Found a bloodstained altar of Trog.
  2035 | D:3      | Noticed an eye of draining
  2035 | D:3      | Noticed an eye of draining
  2057 | D:3      | Reached XP level 6. HP: 38/44 MP: 1/6
  2073 | D:3      | Killed an eye of draining
  2098 | D:3      | Killed an eye of draining
  2098 | D:3      | Reached skill level 8 in Long Blades
  2314 | D:4      | Reached XP level 7. HP: 38/50 MP: 7/7
  2716 | D:4      | Reached skill level 5 in Dodging
  2734 | D:4      | Found an iron altar of Okawaru.
  2840 | D:4      | Found a blossoming altar of Fedhas.
  2894 | D:5      | Entered Level 5 of the Dungeon
  2894 | D:5      | Found a shattered altar of Ashenzari.
  2898 | D:5      | Noticed Eustachio
  3007 | D:5      | Killed Eustachio
  3007 | D:5      | Reached skill level 6 in Dodging
  3048 | D:5      | Found a basalt altar of Yredelemnul.
  3120 | D:5      | Reached skill level 7 in Dodging
  3181 | D:5      | Reached skill level 8 in Dodging
  3215 | D:5      | Noticed Sigmund
  3241 | D:5      | Noticed Edmund
  3275 | D:5      | Killed Edmund
  3275 | D:5      | Reached XP level 8. HP: 34/56 MP: 8/8
  3427 | D:5      | Reached skill level 9 in Dodging
  3552 | D:5      | Found a stormy altar of Qazlal.
  3553 | D:5      | Found a burning altar of Makhleb.
  3623 | D:5      | Killed Sigmund
  3623 | D:5      | Reached skill level 10 in Dodging
  3666 | D:5      | Found Uquot's General Store.
  3962 | D:6      | Found a staircase to the Ecumenical Temple.
  4011 | Temple   | Entered the Ecumenical Temple
  4220 | Temple   | Became a worshipper of Cheibriados the Contemplative
  4252 | Temple   | Reached skill level 9 in Long Blades
  4387 | D:6      | Found a runed door.
  4434 | D:6      | Found a sacrificial altar of Ru.
  4455 | D:6      | Found an opulent altar of Gozag.
  4456 | D:6      | Found a glowing silver altar of Zin.
  4527 | D:6      | Found Miro Xieh's Gadget Shop.
  5010 | D:6      | Noticed Crazy Yiuf
  5018 | D:6      | Killed Crazy Yiuf
  5018 | D:6      | Reached XP level 9. HP: 42/61 MP: 9/9
  5087 | D:7      | Reached skill level 10 in Long Blades
  5095 | D:7      | HP: 15/61 [orc priest/divine providence (7)]
  5095 | D:7      | HP: 1/61 [orc warrior/scimitar (14)]
  5184 | D:7      | Reached * piety under Cheibriados
  5420 | D:7      | Reached skill level 11 in Long Blades
  5700 | D:7      | Reached ** piety under Cheibriados
  5874 | D:7      | Found a shattered altar of Ashenzari.
  6116 | D:7      | Reached skill level 12 in Long Blades
  6624 | D:8      | Reached *** piety under Cheibriados
  6637 | D:8      | Reached skill level 3 in Fighting
  6672 | D:8      | Reached skill level 4 in Fighting
  6714 | D:8      | Reached XP level 10. HP: 49/73 MP: 10/10
  6815 | D:8      | Noticed Joseph
  6835 | D:8      | Killed Joseph
  6835 | D:8      | Reached skill level 5 in Fighting
  6945 | D:8      | Reached skill level 6 in Fighting
  6979 | D:8      | Reached skill level 7 in Fighting
  7059 | D:8      | Found a shadowy altar of Dithmenos.
  7090 | D:8      | Noticed Maurice
  7160 | D:8      | Noticed Pikel
  7187 | D:8      | Reached skill level 8 in Fighting
  7198 | D:8      | Killed Pikel
  7198 | D:8      | Reached skill level 3 in Invocations
  7351 | D:8      | Gained mutation: You are agile. (Dex +2) [mutagenic meat]
  7354 | D:8      | Gained mutation: You occasionally shout uncontrollably at your foes. [mutagenic meat]
  7357 | D:8      | Gained mutation: You regenerate slowly when monsters are visible. [mutagenic meat]
  7409 | D:8      | Killed Maurice
  7409 | D:8      | Reached skill level 4 in Invocations
  7562 | D:9      | Reached skill level 5 in Invocations
  7595 | D:9      | Reached **** piety under Cheibriados
  7610 | D:9      | Gained mutation: You have a pair of small horns on your head. [mutagenic meat]
  7613 | D:9      | Gained mutation: Your muscles are strong. (Str +2) [mutagenic meat]
  7616 | D:9      | Gained mutation: You possess an exceptional clarity of mind. [mutagenic meat]
  7625 | D:9      | Gained mutation: Your spells are a little harder to cast, but a little more powerful. [mutagenic meat]
  7870 | D:9      | Found a stormy altar of Qazlal.
  7914 | D:9      | Found a staircase to the Lair.
  7980 | D:9      | Reached skill level 11 in Dodging
  8123 | D:10     | Entered Level 10 of the Dungeon
  8148 | D:10     | Reached XP level 11. HP: 71/86 MP: 14/14
  8223 | D:10     | Reached skill level 12 in Dodging
  8249 | D:10     | Reached ***** piety under Cheibriados
  8290 | D:10     | Noticed Urug
  8303 | D:10     | Killed Urug
  8389 | D:10     | Found a portal to a secret trove of treasure.
  8576 | D:10     | Reached skill level 13 in Dodging
  8944 | D:10     | Noticed a hill giant
  8949 | D:10     | Killed a hill giant
  9051 | D:10     | Reached skill level 14 in Dodging
  9121 | D:10     | Noticed Josephine
  9129 | D:10     | HP: 19/86 [Josephine/dagger (4)]
  9132 | D:10     | Killed Josephine
  9137 | D:10     | Reached skill level 15 in Dodging
  9364 | D:11     | Noticed a hill giant
  9369 | D:11     | Killed a hill giant
  9455 | D:11     | Reached skill level 13 in Long Blades
  9457 | D:11     | Noticed a cyclops
  9465 | D:11     | Killed a cyclops
  9495 | D:11     | Found a staircase to the Orcish Mines.
  9545 | D:11     | Reached ****** piety under Cheibriados
  9560 | D:11     | Reached XP level 12. HP: 89/92 MP: 15/15
  9664 | D:11     | Noticed a four-headed hydra
  9672 | D:11     | Killed a four-headed hydra
  9733 | D:11     | Found Plog's Food Emporium.
  9788 | D:11     | Reached skill level 14 in Long Blades
  9795 | D:11     | Gained mutation: Your system is resistant to poisons. (rPois) [mutagenic meat]
  9953 | D:12     | Noticed DerBasler's ghost (journeyman DEFE)
  9975 | D:12     | Killed DerBasler's ghost
  9980 | D:12     | Noticed a death knight
  9993 | D:12     | Killed a death knight
  9994 | D:12     | HP: 7/92 [skeletal warrior/flail[a death knight] (27)]
 10220 | D:12     | Reached skill level 15 in Long Blades
 10758 | D:13     | Reached skill level 16 in Long Blades
 10909 | D:13     | Reached skill level 1 in Stealth
 10917 | D:13     | Reached skill level 2 in Stealth
 10924 | D:13     | Reached skill level 3 in Stealth
 10927 | D:13     | Reached XP level 13. HP: 76/98 MP: 16/16
 11025 | D:13     | Reached skill level 4 in Stealth
 11125 | D:13     | Reached skill level 5 in Stealth
 11140 | D:13     | Reached skill level 6 in Stealth
 11142 | D:13     | HP: 24/98 [eight-headed hydra (5)]
 11143 | D:13     | HP: 8/98 [eight-headed hydra (13)]
 11143 | D:13     | Mangled by an eight-headed hydra

Vault maps used:
D:1:      evilmike_arrival_plus
D:2:      uniq_terence
D:3:      grunt_ministairs_13, trog_eyes_of_draining
D:4:      okawaru_ov_weapons_minmay, fedhas_altar_4
D:5:      lemuel_doored_altar, gammafunk_temple_overflow_pools, serial_shops,
          kennysheep_little_box, first_bread, cheibrodos_ashenzari_chains,
          uniq_edmund, uniq_eustachio, uniq_sigmund
D:6:      grunt_temple_overflow_gold_and_silver, serial_shops, shop,
          nicolae_ru_the_path_less_chosen, uniq_crazy_yiuf_cottage
D:7:      kennysheep_kobold_camp, lemuel_crystal_altar, grunt_livestock
D:8:      kennysheep_mini_moat, uniq_maurice, uniq_pikel, uniq_joseph
D:9:      lair_0_dummy, grunt_decor_cap, nicolae_qazlal_eye_of_the_storm
D:10:     trove_entry_hex_spiral, grunt_ministairs_3, uniq_urug, uniq_josephine
D:11:     orc_0_dummy, serial_shops, nicolae_shop_crystal
D:12:     lemuel_slime
D:13:     serial_shops, nicolae_shop_trees
Temple:   hc_temple_tempest_star

Skill      XL: |  1  2  3  4  5  6  7  8  9 10 11 12 13 |
---------------+----------------------------------------+-----
Long Blades    | 4 5 6 7 8 9 12 13 16 | 16.2
Dodging        | 8 10 11 15 | 15.0
Fighting       | 4 8 |  8.0
Invocations    | 5 |  5.0
Stealth        | 3 6 |  6.0
Throwing       | |  2.0

Action                   |  1- 3 |  4- 6 |  7- 9 | 10-12 | 13-15 || total
-------------------------+-------+-------+-------+-------+-------++-------
Melee: Long sword        |   124 |   192 |   678 |   318 |       ||  1312
       Headbutt          |       |       |       |   202 |    20 ||   222
       Tailslap          |       |       |       |    13 |       ||    13
       Great sword       |       |       |       |   382 |    46 ||   428
Throw: Tomahawk          |       |    50 |    28 |    24 |       ||   102
Evoke: Wand              |       |       |     4 |       |       ||     4
  Use: Scroll            |       |       |     6 |    10 |       ||    16
       Potion            |       |       |     3 |     5 |       ||     8
 Stab: Sleeping          |     2 |     1 |     1 |     6 |       ||    10
       Distracted        |       |       |       |     2 |       ||     2
  Eat: Chunk             |       |     3 |     9 |    18 |     1 ||    31
       Beef jerky        |       |       |     1 |       |       ||     1
       Bread ration      |       |       |     1 |       |       ||     1
Armor: Leather armour    |    23 |    18 |    58 |    30 |       ||   129
       Skin              |       |       |       |     8 |       ||     8
       Robe              |       |       |       |    18 |     5 ||    23
Dodge: Dodged            |    75 |    82 |   431 |   539 |    55 ||  1182

Vault maps used:
D:1:      evilmike_arrival_plus
D:2:      uniq_terence
D:3:      grunt_ministairs_13, trog_eyes_of_draining
D:4:      okawaru_ov_weapons_minmay, fedhas_altar_4
D:5:      lemuel_doored_altar, gammafunk_temple_overflow_pools, serial_shops,
          kennysheep_little_box, first_bread, cheibrodos_ashenzari_chains,
          uniq_edmund, uniq_eustachio, uniq_sigmund
D:6:      grunt_temple_overflow_gold_and_silver, serial_shops, shop,
          nicolae_ru_the_path_less_chosen, uniq_crazy_yiuf_cottage
D:7:      kennysheep_kobold_camp, lemuel_crystal_altar, grunt_livestock
D:8:      kennysheep_mini_moat, uniq_maurice, uniq_pikel, uniq_joseph
D:9:      lair_0_dummy, grunt_decor_cap, nicolae_qazlal_eye_of_the_storm
D:10:     trove_entry_hex_spiral, grunt_ministairs_3, uniq_urug, uniq_josephine
D:11:     orc_0_dummy, serial_shops, nicolae_shop_crystal
D:12:     lemuel_slime
D:13:     serial_shops, nicolae_shop_trees
Temple:   hc_temple_tempest_star

Table legend:
 A = Turns spent in this place as a percentage of turns spent in the entire game.
 B = Non-inter-level travel turns spent in this place as a percentage of non-inter-level travel turns spent in the entire game.
 C = Inter-level travel turns spent in this place as a percentage of turns spent in this place.
 D = Turns resting spent in this place as a percentage of non-inter-level travel turns spent in this place.
 E = Turns spent auto-exploring this place as a percentage of non-inter-level travel turns spent in this place.
 F = Non-inter-level travel turns spent in this place divided by the number of levels of this place that you've seen.
                   A       B       C       D       E      F
               +-------+-------+-------+-------+-------+----------------------
         Total | 100.0 | 100.0 |   0.7 |   2.5 |  10.3 | 261.3
       Dungeon |  98.8 |  98.9 |   0.7 |   2.4 |  10.1 | 278.2
        Temple |   1.2 |   1.1 |   4.7 |   4.9 |  22.0 |  41.0
               +-------+-------+-------+-------+-------+----------------------

Table legend:
 A = Kills in this place as a percentage of kills in entire the game.
 B = Kills by you in this place as a percentage of kills by you in the entire game.
 C = Kills by friends in this place as a percentage of kills by friends in the entire game.
 D = Other kills in this place as a percentage of other kills in the entire game.
 E = Experience gained in this place as a percentage of experience gained in the entire game.
 F = Experience gained in this place divided by the number of levels of this place that you have seen.
                   A       B       C       D       E      F
               +-------+-------+-------+-------+-------+----------------------
         Total | 100.0 | 100.0 |  -nan |  -nan | 100.0 | 2462.4
       Dungeon |  99.5 |  99.5 |  -nan |  -nan |  99.5 | 2637.7
        Temple |   0.5 |   0.5 |  -nan |  -nan |   0.5 | 184.0
               +-------+-------+-------+-------+-------+----------------------
